| TOP OF THE 1ST |
|
Vermont Lake Monsters batting - Pitching for Everett AquaSox : RHP Manny Ojeda
|
|
Pitching: RHP Manny Ojeda
|
|
|
Batting: RHB Josh Mauer
|
0-0: Ball 1-0: Foul Ball, location: 2F 1-1: Ball 2-1: Ball 3-1: Foul Ball, location: 2F 3-2: Fly out, F8 (Flyball, 8RD, EV 86.2 MPH)
|
|
Batting: RHB Chris Temple
|
0-0: Fly out, F6 (Line Drive, 6MD, EV 70.6 MPH)
|
|
Batting: RHB Tetsuya Shinoda
|
0-0: Ball 1-0: Ball 2-0: Called Strike 2-1: SINGLE (Groundball, 6MD, EV 96.2 MPH)
|
|
Batting: LHB Igor Ciobanu
|
0-0: Ground out U3 (Groundball, 3S, EV 70.6 MPH)
|
| Top of the 1st over - 0 runs, 1 hit, 0 errors, 1 left on base; Vermont 0 - Everett 0 |
| BOTTOM OF THE 1ST |
|
Everett AquaSox batting - Pitching for Vermont Lake Monsters : RHP Luis Stuit
|
|
Pitching: RHP Luis Stuit
|
|
|
Batting: RHB Antonio Oyola
|
0-0: Called Strike 0-1: Bunted foul 0-2: Ball 1-2: Foul Ball, location: 2F 1-2: Ball 2-2: Ball 3-2: Base on Balls
|
|
Batting: RHB Eddie Luna
|
0-0: Ball 1-0: Called Strike 1-1: Foul Ball, location: 2F 1-2: Strikes out swinging
|
|
Batting: LHB Jason Kinney
|
0-0: Fielders Choice at 2nd, 1-6 (Groundball, 13S, EV 67.5 MPH)
|
|
Batting: LHB Chris Jackson
|
0-0: Called Strike 0-1: Ball 1-1: Ball 2-1: Foul Ball, location: 2F 2-2: 2-RUN HOME RUN (Flyball, 9D, EV 92.5 MPH), Distance : 349 ft
|
|
Batting: RHB Jose Zuniga
|
0-0: Ball 1-0: Ground out 6-3 (Groundball, 6, EV 103.1 MPH)
|
| Bottom of the 1st over - 2 runs, 1 hit, 0 errors, 0 left on base; Vermont 0 - Everett 2 |
| TOP OF THE 2ND |
|
Vermont Lake Monsters batting - Pitching for Everett AquaSox : RHP Manny Ojeda
|
|
Batting: RHB Chris Prinzing
|
0-0: Fly out, F7 (Flyball, 7, EV 88.8 MPH)
|
|
Batting: SHB Steve Salafia
|
0-0: Ball 1-0: Called Strike 1-1: Foul Ball, location: 2F 1-2: Foul Ball, location: 2F 1-2: Ball 2-2: Foul Ball, location: 2F 2-2: Ball 3-2: Base on Balls
|
|
Batting: RHB Jamie Jennings
|
0-0: Ball 1-0: Reached on error, E6 (Groundball, 6S, EV 84.4 MPH) Steve Salafia to second
|
|
Batting: SHB Mike Kirk
|
0-0: Swinging Strike 0-1: Ball 1-1: Ball 2-1: Fielders Choice at 2nd, 6-4 (Groundball, 6, EV 86.9 MPH) Steve Salafia to third
|
|
Batting: RHB Jon Coleman
|
0-0: Ground out U3 (Groundball, 3L, EV 97.5 MPH)
|
| Top of the 2nd over - 0 runs, 0 hits, 1 error, 2 left on base; Vermont 0 - Everett 2 |
| BOTTOM OF THE 2ND |
|
Everett AquaSox batting - Pitching for Vermont Lake Monsters : RHP Luis Stuit
|
|
Batting: LHB William Gonzales
|
0-0: Ball 1-0: Called Strike 1-1: Called Strike 1-2: Strikes out swinging
|
|
Batting: SHB Frank Amato
|
0-0: Foul Ball, location: 2F 0-1: Fly out, F3 (Line Drive, 34, EV 61.9 MPH)
|
|
Batting: RHB Jwahir Pili
|
0-0: Ball 1-0: Fly out, F7 (Line Drive, 7S, EV 95.0 MPH)
|
| Bottom of the 2nd over - 0 runs, 0 hits, 0 errors, 0 left on base; Vermont 0 - Everett 2 |
| TOP OF THE 3RD |
|
Vermont Lake Monsters batting - Pitching for Everett AquaSox : RHP Manny Ojeda
|
|
Batting: RHB Josh Mauer
|
0-0: Ball 1-0: Ball 2-0: Ball 3-0: Base on Balls
|
|
Batting: RHB Chris Temple
|
0-0: Called Strike 0-1: Foul Ball, location: 2F 0-2: Foul Ball, location: 2F 0-2: Foul Ball, location: 2F 0-2: DOUBLE (Line Drive, 9LS, EV 94.4 MPH) Josh Mauer to third
|
|
Batting: RHB Tetsuya Shinoda
|
0-0: Ball 1-0: Ball 2-0: Foul Ball, location: 2F 2-1: Ball 3-1: Ground out 6-3 (Groundball, 6, EV 101.9 MPH) Josh Mauer scores
|
|
Batting: LHB Igor Ciobanu
|
0-0: Ball 1-0: Ball 2-0: Ball Wild Pitch! Chris Temple to third 3-0: Base on Balls
|
|
Batting: RHB Chris Prinzing
|
0-0: Ball 1-0: Called Strike 1-1: Ball 2-1: Fielders Choice at 2nd, 5-4 (Groundball, 56, EV 88.1 MPH) Chris Temple scores
|
|
Batting: SHB Steve Salafia
|
0-0: Ball 1-0: Called Strike Chris Prinzing is caught stealing 2nd base 2-6
|
| Top of the 3rd over - 2 runs, 1 hit, 0 errors, 0 left on base; Vermont 2 - Everett 2 |
| BOTTOM OF THE 3RD |
|
Everett AquaSox batting - Pitching for Vermont Lake Monsters : RHP Luis Stuit
|
|
Batting: RHB David Greene
|
0-0: Foul Ball, location: 2F 0-1: Called Strike 0-2: Ball 1-2: Foul Ball, location: 2F 1-2: Strikes out swinging
|
|
Batting: RHB Antonio Oyola
|
0-0: Called Strike 0-1: Ball 1-1: Ball 2-1: Ball 3-1: Called Strike 3-2: Foul Ball, location: 2F 3-2: Foul Ball, location: 2F 3-2: Foul Ball, location: 2F 3-2: Foul Ball, location: 2F 3-2: Base on Balls
|
|
Batting: RHB Eddie Luna
|
0-0: SINGLE (Line Drive, 5D, EV 96.9 MPH) Antonio Oyola to second
|
|
Batting: LHB Jason Kinney
|
0-0: Ball 1-0: Ball 2-0: SINGLE (Line Drive, 78S, EV 100.6 MPH) Antonio Oyola to third Eddie Luna to second
|
|
Batting: LHB Chris Jackson
|
0-0: Ball 1-0: Ball 2-0: Swinging Strike 2-1: Fielders Choice at 2nd, 4-6 (Groundball, 4, EV 89.4 MPH) Antonio Oyola scores Eddie Luna to third
|
|
Batting: RHB Jose Zuniga
|
0-0: Ball 1-0: Called Strike 1-1: Ball 2-1: Foul Ball, location: 2F 2-2: Ball 3-2: Base on Balls Chris Jackson to second
|
|
Batting: LHB William Gonzales
|
0-0: Called Strike 0-1: Fly out, F8 (Flyball, 78S, EV 83.1 MPH)
|
| Bottom of the 3rd over - 1 run, 2 hits, 0 errors, 3 left on base; Vermont 2 - Everett 3 |
| TOP OF THE 4TH |
|
Vermont Lake Monsters batting - Pitching for Everett AquaSox : RHP Manny Ojeda
|
|
Batting: SHB Steve Salafia
|
0-0: Ground out 4-3 (Groundball, 4, EV 83.1 MPH)
|
|
Batting: RHB Jamie Jennings
|
0-0: Ball 1-0: Ball 2-0: Swinging Strike 2-1: Ball 3-1: Called Strike 3-2: Base on Balls
|
|
Batting: SHB Mike Kirk
|
0-0: Ball 1-0: Ball 2-0: Ball 3-0: Base on Balls Jamie Jennings to second
|
|
Batting: RHB Jon Coleman
|
0-0: Foul Ball, location: 2F 0-1: Fly out, F7 (Flyball, 7, EV 78.1 MPH)
|
|
Batting: RHB Josh Mauer
|
0-0: Swinging Strike 0-1: Called Strike 0-2: Strikes out swinging
|
| Top of the 4th over - 0 runs, 0 hits, 0 errors, 2 left on base; Vermont 2 - Everett 3 |
| BOTTOM OF THE 4TH |
|
Everett AquaSox batting - Pitching for Vermont Lake Monsters : RHP Luis Stuit
|
|
Batting: SHB Frank Amato
|
0-0: Swinging Strike 0-1: Ground out 6-3 (Groundball, 6MS, EV 72.5 MPH)
|
|
Batting: RHB Jwahir Pili
|
0-0: Swinging Strike 0-1: Swinging Strike 0-2: Strikes out swinging
|
|
Batting: RHB David Greene
|
0-0: Fly out, F7 (Flyball, 7, EV 92.5 MPH)
|
| Bottom of the 4th over - 0 runs, 0 hits, 0 errors, 0 left on base; Vermont 2 - Everett 3 |
| TOP OF THE 5TH |
|
Vermont Lake Monsters batting - Pitching for Everett AquaSox : RHP Manny Ojeda
|
|
Batting: RHB Chris Temple
|
0-0: Foul Ball, location: 2F 0-1: Ball 1-1: Called Strike 1-2: Strikes out swinging
|
|
Batting: RHB Tetsuya Shinoda
|
0-0: SOLO HOME RUN (Flyball, 9D, EV 97.5 MPH), Distance : 353 ft
|
|
Batting: LHB Igor Ciobanu
|
0-0: Ball 1-0: Ball 2-0: Ground out 6-3 (Groundball, 6M, EV 88.8 MPH)
|
|
Batting: RHB Chris Prinzing
|
0-0: Fly out, F7 (Line Drive, 7S, EV 91.2 MPH)
|
| Top of the 5th over - 1 run, 1 hit, 0 errors, 0 left on base; Vermont 3 - Everett 3 |
| BOTTOM OF THE 5TH |
|
Everett AquaSox batting - Pitching for Vermont Lake Monsters : RHP Luis Stuit
|
|
Batting: RHB Antonio Oyola
|
0-0: Ball 1-0: Hit by Pitch
|
|
Batting: RHB Eddie Luna
|
0-0: Ball 1-0: Ball 2-0: Fielders Choice at 2nd, 6-4 (Groundball, 6, EV 81.9 MPH)
|
|
Batting: LHB Jason Kinney
|
0-0: Ball 1-0: Ball 2-0: Swinging Strike 2-1: Ball 3-1: Base on Balls Eddie Luna to second
|
|
Batting: LHB Chris Jackson
|
0-0: Ball 1-0: DOUBLE (Line Drive, 5D, EV 95.0 MPH) Eddie Luna scores Jason Kinney to third
|
|
Batting: RHB Jose Zuniga
|
0-0: Fly out, F6 (Popup, 15S, EV 82.5 MPH)
|
|
Batting: LHB William Gonzales
|
0-0: Ball 1-0: Swinging Strike 1-1: Ball 2-1: Swinging Strike 2-2: Fly out, F8 (Flyball, 89D, EV 96.2 MPH)
|
| Bottom of the 5th over - 1 run, 1 hit, 0 errors, 2 left on base; Vermont 3 - Everett 4 |
| TOP OF THE 6TH |
|
Vermont Lake Monsters batting - Pitching for Everett AquaSox : RHP Manny Ojeda
|
|
Pitching: RHP Eric Dixon
|
|
|
Batting: SHB Steve Salafia
|
0-0: Called Strike 0-1: Called Strike 0-2: Hit by Pitch
|
|
Batting: RHB Jamie Jennings
|
0-0: Ball Steve Salafia steals 2nd, throwing error, E2 Steve Salafia to third 1-0: Foul Ball, location: 2F 1-1: Swinging Strike 1-2: Fly out, F9 (Flyball, 9S, EV 87.5 MPH)
|
|
Batting: SHB Mike Kirk
|
0-0: Foul Ball, location: 2F 0-1: Swinging Strike 0-2: Foul Ball, location: 2F 0-2: Foul Ball, location: 2F 0-2: SINGLE (Groundball, 6, EV 98.1 MPH) Steve Salafia scores
|
|
Batting: RHB Jon Coleman
|
0-0: Foul Ball, location: 2F 0-1: Called Strike 0-2: Ball Passed Ball! Mike Kirk to second 1-2: Ball 2-2: Foul Ball, location: 2F 2-2: Foul Ball, location: 2F 2-2: Strikes out swinging
|
|
Batting: RHB Josh Mauer
|
0-0: Ball 1-0: Ball 2-0: Swinging Strike 2-1: SINGLE (Groundball, 4MD, EV 105.6 MPH) (infield hit) Mike Kirk to third
|
|
Batting: RHB Chris Temple
|
0-0: Called Strike 0-1: Ball 1-1: Called Strike 1-2: Strikes out looking
|
| Top of the 6th over - 1 run, 2 hits, 1 error, 2 left on base; Vermont 4 - Everett 4 |
| BOTTOM OF THE 6TH |
|
Everett AquaSox batting - Pitching for Vermont Lake Monsters : RHP Luis Stuit
|
|
Batting: SHB Frank Amato
|
0-0: Ground out 4-3 (Groundball, 4, EV 105.0 MPH)
|
|
Batting: RHB Jwahir Pili
|
0-0: Ball 1-0: Ground out 6-3 (Groundball, 6, EV 107.5 MPH)
|
|
Batting: RHB David Greene
|
0-0: Ball 1-0: Ball 2-0: Ball 3-0: Called Strike 3-1: Swinging Strike 3-2: Base on Balls
|
|
Batting: RHB Antonio Oyola
|
0-0: Ball 1-0: Ball 2-0: Called Strike 2-1: Swinging Strike 2-2: Strikes out swinging
|
| Bottom of the 6th over - 0 runs, 0 hits, 0 errors, 1 left on base; Vermont 4 - Everett 4 |
| TOP OF THE 7TH |
|
Vermont Lake Monsters batting - Pitching for Everett AquaSox : RHP Eric Dixon
|
|
Batting: RHB Tetsuya Shinoda
|
0-0: Ball 1-0: Swinging Strike 1-1: Swinging Strike 1-2: Ball 2-2: Ball 3-2: Strikes out swinging
|
|
Batting: LHB Igor Ciobanu
|
0-0: Swinging Strike 0-1: Swinging Strike 0-2: Ball 1-2: Ball 2-2: Strikes out swinging
|
|
Batting: RHB Chris Prinzing
|
0-0: Ball 1-0: Swinging Strike 1-1: Called Strike 1-2: Strikes out swinging
|
| Top of the 7th over - 0 runs, 0 hits, 0 errors, 0 left on base; Vermont 4 - Everett 4 |
| BOTTOM OF THE 7TH |
|
Everett AquaSox batting - Pitching for Vermont Lake Monsters : RHP Luis Stuit
|
|
Pitching: RHP Pedro Taveras
|
|
|
Batting: RHB Eddie Luna
|
0-0: Called Strike 0-1: Foul Ball, location: 2F 0-2: Ball 1-2: Strikes out swinging
|
|
Batting: LHB Jason Kinney
|
0-0: Ball 1-0: Ground out U3 (Groundball, 3, EV 84.4 MPH)
|
|
Batting: LHB Chris Jackson
|
0-0: Ball 1-0: Fly out, F9 (Flyball, 9LM, EV 90.6 MPH)
|
| Bottom of the 7th over - 0 runs, 0 hits, 0 errors, 0 left on base; Vermont 4 - Everett 4 |
| TOP OF THE 8TH |
|
Vermont Lake Monsters batting - Pitching for Everett AquaSox : RHP Eric Dixon
|
|
Pitching: RHP Matt Lane
|
|
|
Batting: SHB Steve Salafia
|
0-0: Swinging Strike 0-1: SINGLE (Line Drive, 78S, EV 108.8 MPH)
|
|
Batting: RHB Jamie Jennings
|
0-0: Called Strike Steve Salafia steals 2nd base 0-1: Ball 1-1: Called Strike 1-2: Strikes out swinging
|
|
Batting: SHB Mike Kirk
|
0-0: Called Strike 0-1: Ball 1-1: Ball 2-1: Ground out 5-3 (Groundball, 56S, EV 69.4 MPH) Steve Salafia to third
|
|
Batting: RHB Jon Coleman
|
0-0: Foul Ball, location: 2F 0-1: Ball 1-1: Ball 2-1: Ball 3-1: Base on Balls
|
|
Batting: RHB Josh Mauer
|
0-0: Called Strike 0-1: Ball 1-1: Ball 2-1: Foul Ball, location: 2F 2-2: Fly out, F3 (Popup, 3, EV 70.0 MPH)
|
| Top of the 8th over - 0 runs, 1 hit, 0 errors, 2 left on base; Vermont 4 - Everett 4 |
| BOTTOM OF THE 8TH |
|
Everett AquaSox batting - Pitching for Vermont Lake Monsters : RHP Pedro Taveras
|
|
Batting: RHB Jose Zuniga
|
0-0: Ball 1-0: Foul Ball, location: 2F 1-1: Ball 2-1: Foul Ball, location: 2F 2-2: Ball 3-2: Strikes out swinging
|
|
Batting: LHB William Gonzales
|
0-0: Ball 1-0: Ball 2-0: Swinging Strike 2-1: SINGLE (Line Drive, 8LS, EV 93.8 MPH)
|
|
Batting: SHB Frank Amato
|
0-0: Ball 1-0: Foul Ball, location: 2F 1-1: Called Strike 1-2: Ball 2-2: Foul Ball, location: 2F 2-2: Strikes out swinging
|
|
Batting: RHB Jwahir Pili
|
0-0: Ball 1-0: Ground out 5-3 (Groundball, 56, EV 103.1 MPH)
|
| Bottom of the 8th over - 0 runs, 1 hit, 0 errors, 1 left on base; Vermont 4 - Everett 4 |
| TOP OF THE 9TH |
|
Vermont Lake Monsters batting - Pitching for Everett AquaSox : RHP Matt Lane
|
|
Batting: RHB Chris Temple
|
0-0: Called Strike 0-1: SINGLE (Groundball, 56D, EV 103.1 MPH)
|
|
Batting: RHB Tetsuya Shinoda
|
0-0: Called Strike 0-1: Swinging Strike 0-2: Ball 1-2: Foul Ball, location: 2F 1-2: Strikes out swinging
|
|
Pitching: RHP Jamie Johnston
|
|
|
Batting: LHB Igor Ciobanu
|
0-0: Fielders Choice at 2nd, 6-4 (Groundball, 6, EV 86.9 MPH)
|
|
Pinch Hitting: SHB Eric Tiehen
|
0-0: Called Strike 0-1: Ball Wild Pitch! Igor Ciobanu to second 1-1: Foul Ball, location: 2F 1-2: Ball 2-2: Strikes out swinging
|
| Top of the 9th over - 0 runs, 1 hit, 0 errors, 1 left on base; Vermont 4 - Everett 4 |
| BOTTOM OF THE 9TH |
|
Everett AquaSox batting - Pitching for Vermont Lake Monsters : RHP Pedro Taveras
|
|
Now at 2B: Eric Tiehen
|
|
|
Now at SS: Steve Salafia
|
|
|
Batting: RHB David Greene
|
0-0: Called Strike 0-1: Ball 1-1: Ball 2-1: Foul Ball, location: 2F 2-2: Fly out, F8 (Flyball, 8RD, EV 95.0 MPH)
|
|
Batting: RHB Antonio Oyola
|
0-0: Called Strike 0-1: Ball 1-1: SINGLE (Line Drive, 8RS, EV 92.5 MPH)
|
|
Batting: RHB Eddie Luna
|
0-0: Called Strike 0-1: DOUBLE (Flyball, 78XD, EV 106.2 MPH) Antonio Oyola to third Runner from 3rd tries for Home, SAFE, throw by LF to home
|
| Bottom of the 9th over - 1 run, 2 hits, 0 errors, 1 left on base; Vermont 4 - Everett 5 |
|